 Dungeon Crawl Stone Soup version 0.31-a0-1008-g5b978dac0e (webtiles) character file.

Game seed: 8217695734013505971

19168 ChronoRanger the Warrior (level 12, 0/121 HPs)
             Began as a Hill Orc Berserker on Nov 12, 2023.
             Was an Elder of Trog.
             Slain by an earth elemental (16 damage)
             ... on level 11 of the Dungeon.
             The game lasted 00:22:16 (12518 turns).

ChronoRanger the Warrior (Hill Orc Berserker)      Turns: 12518, Time: 00:22:17

Health: 0/121      AC: 18    Str: 25    XL:     12   Next: 66%
Magic:  12/12      EV: 13    Int:  7    God:    Trog [****..]
Gold:   925        SH:  0    Dex: 10    Spells: 11/11 levels left

rFire   . . .        a - +0 hand axe
rCold   . . .        (no shield)
rNeg    . . .        r - +0 plate armour
rPois   .            h - +0 helmet
rElec   .            l - +0 cloak
rCorr   .            (no gloves)
SInv    .            (no boots)
Will    +++..        (no amulet) Stlth
                     f - +5 ring of evasion
HPRegen 1.40/turn    k - ring of willpower
MPRegen 0.13/turn

%: no passive effects
@: strong-willed, on berserk cooldown, regenerating, slowed, very slow
A: no striking features
a: Renounce Religion, Berserk, Trog's Hand, Brothers in Arms


You were on level 11 of the Dungeon.
You worshipped Trog.
Trog was greatly pleased with you.
You visited 1 branch of the dungeon, and saw 11 of its levels.

You collected 1282 gold pieces.
You spent 357 gold pieces at shops.

Inventory:

Hand Weapons
 a - a +0 hand axe (weapon)
 y - a +1 morningstar
Missiles
 i - a throwing net
Armour
 h - a +0 helmet (worn)
 l - a +0 cloak (worn)
 r - a +0 plate armour (worn)
Jewellery
 f - a +5 ring of evasion (left hand)
 k - a ring of willpower (right hand)
 w - a ring of protection from cold
Wands
 o - a wand of iceblast (23)
 q - a wand of charming (8)
Scrolls
 b - 8 scrolls of teleportation
 d - 3 scrolls of blinking
 e - a scroll of revelation
 g - 3 scrolls of fear
 s - 2 scrolls of enchant armour
 t - a scroll of fog
 v - a scroll of brand weapon
Potions
 c - 4 potions of curing
 j - 3 potions of heal wounds
 m - 3 potions of lignification
 n - a potion of might
 p - a potion of mutation
 x - 2 potions of cancellation
 z - a potion of haste
 A - a potion of magic
 B - a potion of invisibility


   Skills:
 * Level 15.3 Fighting
 - Level 14.0 Axes
 + Level 12.8 Armour
 - Level 1.5 Dodging


You had 11 spell levels left.
You didn't know any spells.
Your spell library was empty.

Dungeon Overview and Level Annotations

Branches:
Dungeon (11/15)            Temple (0/1) D:7            Lair (0/5) D:9
    Orc (0/2) D:9

Altars:
Ashenzari
Fedhas
Okawaru
Uskayaw
Zin
The Shining One

Shops:
D:1 **?   D:6 ?   D:9 (   D:11 *

Annotations:
D:11 3 runed translucent doors, Opifex's ghost, journeyman VSFi


Message History

You have turned to stone.
The earth elemental hits you! The earth elemental hits you!!
The earth elemental hits you! The earth elemental hits you!!
You are no longer berserk.
You feel yourself slow down. The earth elemental hits you!
* * * LOW HITPOINT WARNING * * *
The earth elemental hits you!
* * * LOW HITPOINT WARNING * * *
The earth elemental hits you!
* * * LOW HITPOINT WARNING * * *
The earth elemental hits you but does no damage.
The earth elemental hits you but does no damage.
The earth elemental hits you!!
* * * LOW HITPOINT WARNING * * *
The earth elemental hits you!
* * * LOW HITPOINT WARNING * * *
You turn to flesh and can move again.
You feel much better. The earth elemental hits you!
* * * LOW HITPOINT WARNING * * *
The earth elemental misses you.
You fail to use your ability.
The earth elemental hits you!!
* * * LOW HITPOINT WARNING * * *
The earth elemental hits you but does no damage.
You fail to use your ability.
The earth elemental barely misses you.
You fail to use your ability.
The earth elemental misses you. The earth elemental closely misses you.
Your skin crawls.
You feel strong-willed. The earth elemental barely misses you.
You hit the earth elemental but do no damage.
The earth elemental is heavily damaged.
The earth elemental hits you.
* * * LOW HITPOINT WARNING * * *
You hit the earth elemental but do no damage.
The earth elemental is heavily damaged.
You hit the earth elemental but do no damage.
The earth elemental is heavily damaged.
The earth elemental hits you!
You die...

######## #......###
#....@..)# #..##E##.#
##..#.E.#.. #######
#...#.∩.#.# ......#
#...#...#... ......#
#...##+##...#
......#####...........#
......'..##.........
...
..[...##............
.##


You could see 2 earth elementals.

Vanquished Creatures
  A centaur warrior (D:8)
  3 two-headed ogres
  Lodul (D:10)
  A gargoyle (D:11)
  An unseen horror (D:9)
  A troll (D:8)
  Sigmund (D:2)
  10 yaks (D:10)
  2 wyverns
  A wraith (D:9)
  2 shadows
  2 basilisks (D:11)
  2 steam dragons
  An acid dragon (D:10)
  2 water moccasins
  A black bear (D:6)
  3 orc warriors
  2 ice beasts
  A sky beast (D:7)
  14 ogres
  4 centaurs
  4 kobold brigands
  A bullfrog (D:7)
  3 scorpions
  2 gnoll sergeants
  4 wights (D:7)
  5 killer bees (D:10)
  2 hounds (D:5)
  4 orc priests
  3 jellies
  A gnoll bouda (D:7)
  2 sleepcaps
  3 iguanas
  3 orc wizards
  11 gnolls
  10 adders
  2 shadow imps (D:7)
  A white imp (D:6)
  3 dart slugs
  38 orcs
  6 endoplasms
  5 giant cockroaches
  3 goblins
  3 hobgoblins
  5 jackals
  25 kobolds
  4 quokkas
  11 ball pythons
  2 bats (D:3)
  7 frilled lizards
  7 rats
236 creatures vanquished.

Vanquished Creatures (others)
  Maurice (D:8)
  2 orcs (D:8)
3 creatures vanquished.

Grand Total: 239 creatures vanquished

Notes
Turn   | Place    | Note
-------+----------+-------------------------------------------
     0 | D:1      | ChronoRanger the Hill Orc Berserker began the quest for the
                  | Orb.
     0 | D:1      | Reached XP level 1. HP: 19/19 MP: 1/1
   101 | D:1      | Found Dadwios's Magic Scroll Boutique.
   158 | D:1      | Reached XP level 2. HP: 26/27 MP: 2/2
   292 | D:1      | Found Nitzuan's General Store.
   607 | D:1      | Found Itiklunu's Assorted Antiques.
   922 | D:2      | Noticed Sigmund
  1014 | D:2      | Reached skill level 4 in Fighting
  1014 | D:2      | Reached XP level 3. HP: 33/33 MP: 3/3
  1164 | D:2      | Reached skill level 5 in Axes
  1312 | D:2      | Killed Sigmund
  1313 | D:2      | Reached skill level 5 in Fighting
  1313 | D:2      | Reached XP level 4. HP: 42/42 MP: 4/4
  1313 | D:2      | Reached XP level 5. HP: 48/48 MP: 5/5
  1313 | D:2      | Reached XP level 6. HP: 56/56 MP: 6/6
  1415 | D:2      | Reached ** piety under Trog
  1449 | D:2      | Found a faded altar of an unknown god.
  1937 | D:1      | Bought a scroll of teleportation for 36 gold pieces
  2046 | D:3      | Found a broken altar of Ashenzari.
  3439 | D:4      | Reached XP level 7. HP: 44/61 MP: 7/7
  3622 | D:5      | Entered Level 5 of the Dungeon
  4216 | D:5      | Reached skill level 6 in Fighting
  4383 | D:5      | Identified the +10 falchion of Idwogohu {drain, rC++ rN+}
  4478 | D:5      | Reached skill level 5 in Armour
  4641 | D:5      | Reached XP level 8. HP: 50/71 MP: 8/8
  4783 | D:1      | Bought 2 potions of heal wounds for 140 gold pieces
  5516 | D:6      | Reached skill level 10 in Axes
  5568 | D:6      | Reached skill level 7 in Fighting
  5795 | D:6      | Reached XP level 9. HP: 55/79 MP: 9/9
  6444 | D:6      | Found Lotwadghu's Magic Scroll Shoppe.
  6451 | D:6      | Bought a scroll of brand weapon for 104 gold pieces
  6451 | D:6      | Bought a scroll of teleportation for 33 gold pieces
  6451 | D:6      | Bought a scroll of identify for 22 gold pieces
  6477 | D:6      | Bought a scroll of identify for 22 gold pieces
  6915 | D:7      | Found a blossoming altar of Fedhas.
  6980 | D:7      | Reached skill level 8 in Fighting
  7341 | D:7      | Reached *** piety under Trog
  8298 | D:7      | Found a glowing silver altar of Zin.
  8298 | D:7      | Found an iron altar of Okawaru.
  8337 | D:7      | Found a staircase to the Ecumenical Temple.
  8593 | D:8      | Noticed Maurice
  8602 | D:8      | Something stole a ring of protection from cold
  8613 | D:8      | Killed Maurice
  8614 | D:8      | Reached skill level 9 in Fighting
  8614 | D:8      | Reached XP level 10. HP: 76/91 MP: 10/10
  9127 | D:8      | Noticed a centaur warrior
  9145 | D:8      | Killed a centaur warrior
  9528 | D:9      | Noticed a two-headed ogre
  9535 | D:9      | Killed a two-headed ogre
  9536 | D:9      | Reached skill level 10 in Fighting
  9694 | D:9      | Found a staircase to the Orcish Mines.
  9963 | D:9      | Found a staircase to the Lair.
 10065 | D:9      | Killed an unseen horror
 10439 | D:9      | Found a hide-covered altar of Uskayaw.
 10660 | D:9      | Reached **** piety under Trog
 10772 | D:9      | Found Venkuge's Antique Weapon Shop.
 10962 | D:10     | Entered Level 10 of the Dungeon
 10963 | D:10     | Noticed Lodul
 10971 | D:10     | Reached skill level 11 in Fighting
 10980 | D:10     | Reached skill level 10 in Armour
 10980 | D:10     | Reached XP level 11. HP: 96/102 MP: 11/11
 10988 | D:10     | Killed Lodul
 11231 | D:10     | Noticed a two-headed ogre
 11247 | D:10     | Killed a two-headed ogre
 11248 | D:10     | Reached skill level 12 in Fighting
 11603 | D:10     | Found a glowing golden altar of the Shining One.
 12057 | D:10     | Reached skill level 15 in Fighting
 12057 | D:10     | Reached XP level 12. HP: 119/119 MP: 12/12
 12121 | D:11     | Noticed a two-headed ogre
 12140 | D:11     | Killed a two-headed ogre
 12404 | D:11     | Found a runed translucent gate.
 12405 | D:11     | Found a runed translucent gate.
 12406 | D:11     | Found a runed translucent gate.
 12408 | D:11     | Noticed Opifex's ghost (journeyman VSFi)
 12409 | D:11     | Noticed a 12-headed hydra
 12466 | D:11     | Found Noavob's Pet Rocks.
 12518 | D:11     | Slain by an earth elemental

Illustrated notes

Levels and vault maps discovered:
D:1:      minmay_arrival_stair_chambers, layout_basic, serial_shops, shop,
          nicolae_shop_overgrown_old_shop, shop
D:2:      layout_basic, chequers_ecumenical_altar_grove,
          chequers_serial_rivers_large_b, minmay_shallow_snake_nest,
          uniq_sigmund
D:3:      layout_loops_ring, nicolae_ashenzari_panopticon, nrook_loot_triangle
D:4:      layout_basic
D:5:      layout_gridville, serial_co_window_serial, co_window_paths_a,
          co_window_paths_b, co_window_corner_a, co_window_paths_b,
          co_window_paths_b, co_window_corner_a, co_window_paths_b,
          co_window_unsneaky_path_e, co_window_broadway_c,
          co_window_unsneaky_path_e, co_window_corner_ca, co_window_corner_b,
          co_window_corner_b, co_window_unsneaky_path_d, co_window_4corner_b,
          glass_columns_b, glass_columns_b
D:6:      layout_layer_cave, serial_shops, shop
D:7:      layout_gridville, nicolae_overflow_crystal_walls,
          amethyst_overflow_temple_binary, temple_hall_moat
D:8:      kennysheep_big_flooded_room, layout_rooms,
          nicolae_overflow_hidden_temple, hangedman_decor_lopped, uniq_maurice
D:9:      layout_roguey [special_room_orc], nicolae_uskayaw_dance_studio,
          dpeg_oklobed_lair, orc_david_3, serial_shops, shop
D:10:     layout_rooms, mainiacjoe_overflow_small_starburst, uniq_lodul
D:11:     layout_roguey, gammafunk_ghost_hydra_chop, guppyfry_shop_earth

Skill      XL: |  1  2  3  4  5  6  7  8  9 10 11 |
---------------+----------------------------------+-----
Fighting       | 4 5 6 7 9 11 15 | 15.3
Axes           | 6 7 9 11 13 14 | 14.0
Armour         | 3 4 5 6 7 10 12 | 12.8
Dodging        | |  1.5

Action                     |  1- 3 |  4- 6 |  7- 9 | 10-12 || total
---------------------------+-------+-------+-------+-------++-------
  Melee: Hand axe          |    92 |   131 |   433 |   442 ||  1098
         Punch             |       |       |     6 |     8 ||    14
 Invoke: Berserk           |     2 |       |     7 |     7 ||    16
         Trog's Hand       |       |       |       |     1 ||     1
    Use: Scroll            |       |     3 |    10 |     7 ||    20
         Potion            |       |       |       |     3 ||     3
 Armour: Animal skin       |     6 |       |       |       ||     6
         Ring mail         |     5 |       |       |       ||     5
         Scale mail        |    22 |       |       |       ||    22
         Chain mail        |    19 |    54 |    26 |       ||    99
         Plate armour      |       |       |   225 |   298 ||   523
  Dodge: Dodged            |    57 |    79 |   189 |   189 ||   514

Table legend: (Time is in decaauts)
 A = Elapsed time spent in this place.
 B = Non-inter-level travel time spent in this place.
 C = Inter-level travel time spent in this place.
 D = Time resting spent in this place.
 E = Time spent auto-exploring this place.
 F = Levels seen in this place.
 G = Mean time per level.
                   A        B        C        D        E       F      G
               +--------+--------+--------+--------+--------+-----+--------+
         Total |  12412 |  11717 |    695 |   1198 |   8579 |  11 | 1128.4 |
       Dungeon |  12412 |  11717 |    695 |   1198 |   8579 |  11 | 1128.4 |
               +--------+--------+--------+--------+--------+-----+--------+

Top non-repeatable levels by time:
     D:6: 1678 daAuts
     D:9: 1664 daAuts
     D:7: 1566 daAuts
     D:5: 1275 daAuts
     D:4: 1084 daAuts
     D:1: 1070 daAuts
     D:2: 1050 daAuts
     D:8: 1030 daAuts
    D:10: 857 daAuts
     D:3: 692 daAuts
    D:11: 440 daAuts
